 Dungeon Crawl Stone Soup version 0.19-a0-1008-g4c63d25 (webtiles) character file.

2657 Implojin the Grappler (level 9, -6/82 HPs)
             Began as a Minotaur Fighter on July 22, 2016.
             Was an Initiate of Okawaru.
             Mangled by an orc warrior
             ... wielding a +0 long sword
              (17 damage)
             ... on level 8 of the Dungeon.
             The game lasted 00:10:59 (1386 turns).

Implojin the Grappler (Minotaur Fighter)            Turns: 1386, Time: 00:10:59

Health: -6/82      AC: 17    Str: 25    XL:     9   Next: 36%
Magic:  8/8        EV:  7    Int:  5    God:    Okawaru [......]
Gold:   40         SH: 10    Dex: 13    Spells: 0 memorised, 8 levels left

rFire  x . .     SeeInvis .       - Unarmed
rCold  + + .     Gourm    .     j - +4 ice dragon armour of Buiro {rF- rC++ rN+ Str+4}
rNeg   + . .     Faith    .     b - +0 shield
rPois  .         Spirit   .     (helmet restricted)
rElec  .         Dismiss  .     (no cloak)
rCorr  .         Reflect  .     n - +2 pair of gloves
SustAt .         Harm     .     (no boots)
MR     .....                    p - amulet of magic regeneration
Stlth  +.........               (no ring)
                                g - ring of stealth

@: drained, not resistant to hostile enchantments, very unstealthy
A: retaliatory headbutt, horns 2, evolution 1
a: Renounce Religion


You were on level 8 of the Dungeon.
You worshipped Okawaru.
Okawaru was noncommittal.
You were not hungry.

You visited 1 branch of the dungeon, and saw 8 of its levels.
You also visited: Ossuary.

You collected 40 gold pieces.

Inventory:

Missiles
 e - 2 throwing nets (quivered)
 l - 3 javelins
Armour
 a - a +0 scale mail
 b - a +0 shield (worn)
 i - a +0 ring mail
 j - the +4 ice dragon armour of Buiro (worn) {rF- rC++ rN+ Str+4}
   (You found it on level 4 of the Dungeon)

   It affects your strength (+4).
   It makes you vulnerable to fire.
   It greatly protects you from cold.
   It protects you from negative energy.
 n - a +2 pair of gloves (worn)
Jewellery
 g - a ring of stealth (left hand)
 p - an amulet of magic regeneration (around neck)
 s - an uncursed amulet of harm
Wands
 h - a wand of flame (25/48)
Scrolls
 f - a scroll of acquirement {unknown}
 k - 2 scrolls of immolation
 o - a scroll of enchant armour
Books
 q - a book of Beasts

   Spells                             Type                      Level
   a - Summon Butterflies             Summoning                    1
   b - Call Canine Familiar           Summoning                    3
   c - Summon Ice Beast               Ice/Summoning                4
   d - Summon Mana Viper              Hexes/Summoning              5
   e - Summon Hydra                   Summoning                    7
 r - a book of Ice

   Spells                             Type                      Level
   a - Ice Form                       Ice/Transmutation            4
   b - Metabolic Englaciation         Hexes/Ice                    5
   c - Ozocubu's Refrigeration        Ice                          6
   d - Bolt of Cold                   Conjuration/Ice              6
   e - Freezing Cloud                 Conjuration/Ice/Air          6
   f - Simulacrum                     Ice/Necromancy               6
Comestibles
 c - a meat ration
 d - 7 bread rations
 m - 2 chunks of flesh


   Skills:
 * Level 8.4(8.3) Fighting
 - Level 3.6 Armour
 - Level 3.6 Shields
 - Level 12.1 Unarmed Combat


You had 8 spell levels left.
You didn't know any spells.

Dungeon Overview and Level Annotations

Branches:
Dungeon (8/15)
 Temple: D:4-7         Lair: D:8-11

Altars:
Makhleb
Okawaru
Qazlal
Trog


Innate Abilities, Weirdness & Mutations

You reflexively headbutt those who attack you in melee.
You have a pair of horns on your head.
You evolve.


Message History

The giant gecko is heavily wounded.
The giant gecko bites you but does no damage.
You hit the giant gecko.
You kill the giant gecko!
Okawaru accepts your kill.
You see here a giant gecko corpse.
You butcher the giant gecko corpse.
m - 2 chunks of flesh Unknown command.
You found a teleport trap!
p - a twisted cabochon amulet You feel less exhausted.
Put on which piece of jewellery? (? for menu, Esc to quit)
The amulet hums as it attunes itself to your energized body.
p - an amulet of magic regeneration (around neck)
You now have 40 gold pieces (gained 17).
Found a dented malachite amulet.
An orc comes into view. It is wielding a hand axe.
The orc shouts!
Found a falchion.
An orc warrior comes into view. It is wielding a long sword.
An orc comes into view. It is wielding a flail.
Found a scroll labeled ZEAG SIUHYCAV.
You closely miss the orc warrior.
The orc warrior hits you with a long sword.
* * * LOW HITPOINT WARNING * * *
Unknown command.
You completely miss the orc warrior.
The orc warrior hits you with a long sword.
* * * LOW HITPOINT WARNING * * *
Unknown command.
You pummel the orc warrior!! Your headbutt misses the orc warrior.
The orc warrior is almost dead.
You closely miss the orc warrior.
The orc warrior is almost dead.
You block the orc warrior's attack.
You closely miss the orc warrior.
The orc warrior is almost dead.
The orc warrior hits you with a long sword!
You die...

##...........#
#(......###.......
#...........# #.).....#
#...o...
#...^.......###<รท)....#
#.."....
#############().......#
#....... #.........#
######## #.........#
###o...(..# #o#######
#@# #........ .########
.. ?.. .... ###.. #..


You could see an orc warrior and an orc.

Vanquished Creatures
  Pikel (D:7)
  A spriggan (D:7)
  Menkaure (D:7)
  An ice beast (D:7)
  3 sky beasts
  2 slaves (D:7)
  An orc warrior (D:7)
  An ogre (D:5)
  A big kobold (D:8)
  3 giant frogs
  A wyvern skeleton (D:6)
  11 killer bees
  2 wights (D:7)
  A howler monkey (D:4)
  A crimson imp (D:6)
  2 hounds
  2 jellies
  A centaur skeleton (D:6)
  2 iguanas (D:7)
  3 orc wizards
  A worker ant zombie (D:7)
  4 gnolls
  4 adders
  A shadow imp (D:5)
  An ooze (D:2)
  2 adder skeletons
  A worm (D:3)
  2 giant geckos
  18 orcs
  3 bats (D:2)
  4 giant cockroaches
  A hobgoblin (D:2)
  9 kobolds
  A quokka (D:3)
  3 giant newts
  A goblin (D:2)
  2 rats (D:2)
99 creatures vanquished.

Notes
Turn   | Place    | Note
-------+----------+-------------------------------------------
     0 | D:1      | Implojin the Minotaur Fighter began the quest for the Orb.
     0 | D:1      | Reached XP level 1. HP: 19/19 MP: 0/0
    51 | D:2      | Reached skill level 3 in Unarmed Combat
    51 | D:2      | Reached XP level 2. HP: 15/26 MP: 1/1
   243 | D:2      | Reached XP level 3. HP: 13/31 MP: 2/2
   274 | D:2      | Reached skill level 4 in Unarmed Combat
   310 | D:3      | Reached skill level 5 in Unarmed Combat
   310 | D:3      | Reached XP level 4. HP: 13/39 MP: 3/3
   368 | D:4      | Got a tiger eye-encrusted ice dragon armour
   379 | D:4      | Identified the +4 ice dragon armour of Buiro {rF- rC++ rN+ Str+4} (You found it on level 4 of the Dungeon)
   427 | D:4      | Reached skill level 6 in Unarmed Combat
   427 | D:4      | Reached XP level 5. HP: 17/45 MP: 4/4
   476 | D:5      | Entered Level 5 of the Dungeon
   476 | D:5      | Noticed a sky beast
   489 | D:4      | Killed a sky beast
   489 | D:4      | Reached skill level 7 in Unarmed Combat
   489 | D:4      | Reached XP level 6. HP: 24/51 MP: 5/5
   579 | D:6      | Reached skill level 8 in Unarmed Combat
   616 | D:5      | Reached XP level 7. HP: 39/57 MP: 6/6
   667 | D:6      | Reached skill level 9 in Unarmed Combat
   863 | D:7      | Found a stormy altar of Qazlal.
   863 | D:7      | Found a burning altar of Makhleb.
   867 | D:7      | Reached skill level 10 in Unarmed Combat
   883 | D:7      | Noticed Pikel
   910 | D:7      | Killed Pikel
   910 | D:7      | Reached skill level 11 in Unarmed Combat
   910 | D:7      | Reached XP level 8. HP: 46/64 MP: 7/7
   937 | D:6      | Noticed a red ugly thing
   960 | D:7      | :shit
   975 | D:7      | Noticed Menkaure
   989 | D:7      | Killed Menkaure
  1007 | D:7      | Reached skill level 12 in Unarmed Combat
  1026 | D:7      | Found a sand-covered staircase.
  1037 | D:7      | Reached skill level 4 in Fighting
  1058 | D:7      | Reached skill level 5 in Fighting
  1063 | D:7      | HP: 3/68 [poisoned by a killer bee]
  1068 | D:7      | HP: 2/68 [poisoned by a killer bee]
  1072 | D:7      | :welp
  1072 | D:7      | Gained mutation: You evolve. [potion of beneficial mutation]
  1073 | D:7      | HP: 1/102 [poisoned by a killer bee]
  1080 | D:7      | HP: 1/102 [poisoned by a killer bee]
  1088 | D:7      | HP: 1/102 [poisoned by a killer bee]
  1125 | Ossuary  | Entered an ossuary
  1158 | D:7      | Reached skill level 6 in Fighting
  1158 | D:7      | Reached XP level 9. HP: 16/75 MP: 8/8
  1202 | D:7      | Reached skill level 7 in Fighting
  1213 | D:7      | Found a bloodstained altar of Trog.
  1213 | D:7      | Found an iron altar of Okawaru.
  1225 | D:7      | Became a worshipper of Warmaster Okawaru
  1282 | D:8      | Reached skill level 8 in Fighting
  1305 | D:8      | HP: 4/82 [poisoned by a killer bee]
  1310 | D:8      | HP: 4/82 [poisoned by a killer bee]
  1386 | D:8      | Mangled by an orc warrior

Vault maps used:
D:1:      minmay_arrival_up_and_down
D:2:      minmay_pentomino_r4
D:4:      minmay_opposing_rooms, first_bread
D:6:      kennysheep_orc_sif_temple
D:7:      lemuel_ice_statue, grunt_temple_overflow_bloody_war,
          gammafunk_temple_overflow_statue, nicolae_ossuary_entry_monument,
          the_bakery, uniq_pikel, uniq_duvessa, uniq_menkaure
D:8:      lightli_orcish_oven
Ossuary:  ossuary_minmay_tomb_2a

Skill      XL: |  1  2  3  4  5  6  7  8  9 |
---------------+----------------------------+-----
Unarmed Combat | 3 5 6 7 8 11 12 | 12.1
Fighting       | 6 8 |  8.4
Armour         | |  3.6
Shields        | |  3.6

Action                   |  1- 3 |  4- 6 |  7- 9 || total
-------------------------+-------+-------+-------++-------
Melee: Unarmed           |    59 |    66 |   175 ||   300
       Headbutt          |     6 |    16 |    24 ||    46
  Use: Potion            |     1 |       |     5 ||     6
       Scroll            |       |       |     8 ||     8
  Eat: Chunk             |       |       |     3 ||     3
Armor: Scale mail        |     9 |       |       ||     9
       Ring mail         |     4 |       |       ||     4
       Ice dragon armour |       |    19 |    84 ||   103
Dodge: Dodged            |    18 |     8 |    37 ||    63
Block: Shield            |    27 |    26 |    77 ||   130

Table legend:
 A = Turns spent in this place as a percentage of turns spent in the entire game.
 B = Non-inter-level travel turns spent in this place as a percentage of non-inter-level travel turns spent in the entire game.
 C = Inter-level travel turns spent in this place as a percentage of turns spent in this place.
 D = Turns resting spent in this place as a percentage of non-inter-level travel turns spent in this place.
 E = Turns spent auto-exploring this place as a percentage of non-inter-level travel turns spent in this place.
 F = Non-inter-level travel turns spent in this place divided by the number of levels of this place that you've seen.
                   A       B       C       D       E      F
               +-------+-------+-------+-------+-------+----------------------
         Total | 100.0 | 100.0 |   0.0 |   0.5 |   0.0 | 156.8
       Dungeon |  99.3 |  99.3 |   0.0 |   0.5 |   0.0 | 175.1
       Ossuary |   0.7 |   0.7 |   0.0 |   0.0 |   0.0 |  10.0
               +-------+-------+-------+-------+-------+----------------------

Table legend:
 A = Kills in this place as a percentage of kills in entire the game.
 B = Kills by you in this place as a percentage of kills by you in the entire game.
 C = Kills by friends in this place as a percentage of kills by friends in the entire game.
 D = Other kills in this place as a percentage of other kills in the entire game.
 E = Experience gained in this place as a percentage of experience gained in the entire game.
 F = Experience gained in this place divided by the number of levels of this place that you have seen.
                   A       B       C       D       E      F
               +-------+-------+-------+-------+-------+----------------------
         Total | 100.0 | 100.0 |  -nan |  -nan | 100.0 | 421.9
       Dungeon | 100.0 | 100.0 |  -nan |  -nan | 100.0 | 474.6
               +-------+-------+-------+-------+-------+----------------------
